AoeStats
← Ux'DonChauron

Black Forest

509957695Analyzed
4v4 RM · 4d ago on Sep 28, 2026· 25m 37s· 8 players
Game mode
Random Map
Map size
Large (8 player)
Population
200
Speed
Normal
Resources
Standard
Victory
Conquest
Starting age
Dark Age
Ending age
Imperial Age
RankedLock teamsTeams togetherTeam positionsShared explorationLock speedFull tech treeHidden civsTurbo modeCheats
Victory
Defeat
🇪🇸 Saracens · Spain
1567
+7
🇪🇸 Saxons · Spain
1466
+11
🇩🇪 Magyars · Germany
1436
+12
🇪🇸 Hindustanis · Spain
1376
+14
🇩🇪 Vietnamese · Germany
1460
-14
🇩🇪 Varangians · Germany
1392
-13
🇦🇷 Britons · Argentina
1349
-11
🇩🇪 Goths · Germany
1197
-6
BRosi
12:07 Feudal Age
13:05 Fishing Lines
15:55 Castle Age
15:40 Loom
16:18 Bloodlines
15:55 Double-Bit Axe
17:11 Scale Barding Armor
23:25 Horse Collar
25:16 Chain Barding Armor
GleeF
8:13 Loom
10:18 Feudal Age
12:55 Double-Bit Axe
13:57 Fletching
17:50 Castle Age
17:54 Crossbowman
24:31 Padded Archer Armor
Linkshändler
5:41 Loom
11:03 Feudal Age
13:02 Wheelbarrow
13:09 Double-Bit Axe
13:49 Bloodlines
16:31 Castle Age
19:25 Hand Cart
22:30 Bloodlines
23:13 Bow Saw
22:46 Horse Collar
24:09 Gold Mining
24:25 Squires
TanjiroK
10:58 Feudal Age
14:30 Loom
17:08 Castle Age
Ux'TheNovack
4:28 Loom
9:19 Feudal Age
9:48 Double-Bit Axe
13:08 Fletching
22:58 Castle Age
23:07 Crossbowman
23:31 Horse Collar
23:48 Bodkin Arrow
25:34 Wheelbarrow
25:43 Thumb Ring
Ux'DonChauron
4:53 Loom
8:02 Feudal Age
10:20 Fletching
20:56 Castle Age
19:49 Padded Archer Armor
20:06 Gold Mining
20:03 Horse Collar
20:25 Double-Bit Axe
21:49 Bodkin Arrow
21:15 Crossbowman
24:15 Wheelbarrow
23:55 Town Watch
24:47 Ballistics
26:01 Bow Saw
Ux'Olkan
4:47 Loom
9:58 Feudal Age
10:58 Double-Bit Axe
13:12 Horse Collar
18:43 Wheelbarrow
21:38 Castle Age
21:31 Bloodlines
21:48 Gold Mining
22:19 Scale Barding Armor
26:17 Chain Barding Armor
Ux'Tycho0201
5:07 Loom
8:13 Feudal Age
14:10 Double-Bit Axe
20:31 Castle Age
19:20 Bloodlines
19:18 Scale Barding Armor
20:42 Gold Mining
21:36 Town Watch
22:27 Wheelbarrow
22:25 Husbandry
22:53 Chain Barding Armor
Connection lost

Rejoining the realm…

Still unreachable

The connection could not be restored.

Session expired

The server has moved on; the page needs a fresh start.